 Seeded DCSS version 0.29.1-1-gd02db6906a (webtiles) character file.

Game seed: 20221014 (custom seed)

98 jessy the Slasher (level 4, 0/38 HPs)
             Began as a Minotaur Gladiator on Oct 14, 2022.
             Was a Follower of the Shining One.
             Slain by Ijyb
             ... wielding a +0 club
              (1 damage)
             ... on level 3 of the Dungeon.
             The game lasted 00:07:27 (2446 turns).

jessy the Slasher (Minotaur Gladiator)              Turns: 2446, Time: 00:07:27

Health: 0/38       AC: 10    Str: 20    XL:     4   Next: 43%
Magic:  3/3        EV:  6    Int:  5    God:    the Shining One [*.....]
Gold:   95         SH:  0    Dex: 12    Spells: 3/3 levels left

rFire   . . .      SeeInvis .   t - +0 war axe
rCold   . . .      Faith    .   (no shield)
rNeg    . . .      Spirit   .   l - +0 plate armour
rPois   .          Reflect  .   c - +0 hat
rElec   .          Harm     .   (no cloak)
rCorr   .          Rampage  .   (no gloves)
Will    .....                   (no boots)
Stlth   ..........              g - amulet of the acrobat
HPRegen 0.12/turn               (no ring)
MPRegen 0.08/turn               (no ring)

@: glowing
A: horns 2, retaliatory headbutt
a: Renounce Religion, Divine Shield


You were on level 3 of the Dungeon.
You worshipped the Shining One.
The Shining One was aware of your devotion.
You visited 1 branch of the dungeon, and saw 3 of its levels.

You collected 95 gold pieces.

Inventory:

Hand Weapons
 a - a +0 long sword
 k - a +0 falchion
 p - a +1 dagger of speed
 t - a +0 war axe (weapon)
Missiles
 d - 3 throwing nets (quivered)
 e - a javelin
 r - 14 stones
Armour
 b - a +0 leather armour
 c - a +0 hat (worn)
 i - a +0 ring mail
 l - a +0 plate armour (worn)
 n - a +0 chain mail
Jewellery
 g - an amulet of the acrobat (around neck)
Scrolls
 f - a scroll of blinking {unknown}
 m - 5 scrolls of identify {unknown}
 o - a scroll of fear {unknown}
 q - a scroll of enchant armour {unknown}
 s - a scroll of poison {unknown}
Potions
 h - a potion of lignification {unknown}
 j - 2 potions of degeneration {unknown}


   Skills:
 + Level 3.1 Fighting
 + Level 5.1 Long Blades
 + Level 2.1 Throwing
 + Level 1.4 Armour
 + Level 4.0 Dodging


You had 3 spell levels left.
You didn't know any spells.
Your spell library contained the following spells:

 Spells                   Type           Power      Damage    Failure   Level
 Animate Armour           Summ/Erth      0%         N/A       100%        4
 Blade Hands              Tmut           0%         N/A       100%        5
 Iron Shot                Conj/Erth      0%         9d1       100%        6


Dungeon Overview and Level Annotations

Branches:
Dungeon (3/15)

Altars:
The Shining One

Shops:
D:2 =

Annotations:
D:3 Ijyb


Innate Abilities, Weirdness & Mutations

You have a pair of horns on your head.
You reflexively headbutt those who attack you in melee.


Message History

Ijyb screams, "Me very upset!"
Ijyb hits you but does no damage.
You hit Ijyb.
Ijyb is moderately wounded.
Ijyb hits you but does no damage. Ijyb completely misses you.
You furiously retaliate!
You headbutt Ijyb. You slash Ijyb!
Ijyb is severely wounded.
Ijyb hits you but does no damage.
You completely miss Ijyb. You headbutt Ijyb, but do no damage.
Ijyb is severely wounded.
Ijyb hits you with a +0 club. Ijyb hits you but does no damage.
You barely miss Ijyb. Your headbutt misses Ijyb.
Ijyb is severely wounded.
Ijyb barely misses you.
You barely miss Ijyb.
Ijyb is severely wounded.
Ijyb hits you with a +0 club.
Ijyb zaps a wand.
The puff of flame hits you.
You barely miss Ijyb.
Ijyb is severely wounded.
Ijyb zaps a wand.
The puff of flame hits you.
You barely miss Ijyb.
Ijyb is severely wounded.
Ijyb hits you but does no damage.
Ijyb zaps a wand.
The puff of flame hits you!
* * * LOW HITPOINT WARNING * * *
You hit Ijyb but do no damage.
Ijyb is severely wounded.
Ijyb zaps a wand.
The puff of flame hits you but does no damage.
You hit Ijyb.
Ijyb is severely wounded.
Ijyb hits you but does no damage.
Ijyb zaps a wand.
The puff of flame hits you.
* * * LOW HITPOINT WARNING * * *
You hit Ijyb.
Ijyb is severely wounded.
Ijyb hits you but does no damage.
You closely miss Ijyb.
Ijyb is severely wounded.
Ijyb hits you with a +0 club.
You die...

#)...##.#....#....#.#.##########
#######.##...#......#.#........+
...............######.#.......##
?............### #.'.......#
.........♣♣..# ###.......#
........♣..♣.### #.......#
####....♣._♣...########.......#
#.....♣.....#......#.......#
#...........@g.....#.......#
#......##...#......#.......##
#......##...<....!.#.........
#..................#######...
#..................# #...
#............####### #...
############## #... #... #...


You could see Ijyb.

Vanquished Creatures
  Jessica (D:2)
  2 adders (D:2)
  A worm (D:2)
  5 bats
  An endoplasm (D:2)
  A giant cockroach (D:1)
  10 goblins
  5 hobgoblins
  6 jackals
  4 kobolds
  4 quokkas
  A ball python (D:2)
  2 frilled lizards (D:2)
  3 rats (D:2)
46 creatures vanquished.

Vanquished Creatures (others)
  7 withered plants (D:3)
7 creatures vanquished.

Grand Total: 53 creatures vanquished

Notes
Turn   | Place    | Note
-------+----------+-------------------------------------------
     0 | D:1      | jessy the Minotaur Gladiator began the quest for the Orb.
     0 | D:1      | Reached XP level 1. HP: 18/18 MP: 0/0
   195 | D:1      | Reached XP level 2. HP: 24/25 MP: 1/1
   231 | D:1      | Reached skill level 4 in Long Blades
   320 | D:2      | Noticed Jessica
   333 | D:2      | Killed Jessica
   334 | D:2      | Reached XP level 3. HP: 16/31 MP: 2/2
   609 | D:2      | Found Ziuvuw's Jewellery Shop.
   665 | D:2      | Reached XP level 4. HP: 32/38 MP: 3/3
   744 | D:2      | Reached skill level 5 in Long Blades
  1031 | D:2      | Reached skill level 1 in Armour
  2310 | D:3      | Found a faded altar of an unknown god.
  2415 | D:3      | Prayed at the altar of an unknown god.
  2415 | D:3      | Became a worshipper of the Shining One
  2415 | D:3      | Reached * piety under the Shining One
  2422 | D:3      | Noticed Ijyb
  2444 | D:3      | HP: 1/38 [Ijyb/puff of flame (3)]
  2446 | D:3      | Slain by Ijyb

Illustrated notes

Levels and vault maps discovered:
D:1:      scummos_arrival_checkerplants, layout_rooms
D:2:      layout_basic, serial_shops, nicolae_diamond_shop, uniq_jessica
D:3:      layout_basic, ebering_ecumenical_altar_petrified,
          minmay_misc_feat_room, eino_tiny_chamber, uniq_ijyb

Skill      XL: |  1  2  3  4 |
---------------+-------------+-----
Long Blades    | 4 5 |  5.1
Fighting       | 3 |  3.1
Dodging        | 4 |  4.0
Armour         | 1 |  1.4
Throwing       | |  2.1

Action                   |  1- 3 |  4- 6 || total
-------------------------+-------+-------++-------
Melee: Long sword        |    52 |    14 ||    66
       Headbutt          |     5 |    18 ||    23
       War axe           |       |    44 ||    44
       Dagger            |       |    16 ||    16
Armor: Leather armour    |     5 |       ||     5
       Ring mail         |     6 |       ||     6
       Plate armour      |    19 |    51 ||    70
Dodge: Dodged            |    62 |    46 ||   108
